 Dungeon Crawl Stone Soup version 0.28-a0-662-g1651b1f1e0 (webtiles) character file.

Game seed: 5114976652475453012

14 SkeletonJelly the Chopper (level 2, 0/27 HPs)
             Began as a Hill Orc Monk on Oct 14, 2021.
             Was an Initiate of Gozag.
             Slain by a hobgoblin (5 damage)
             ... on level 1 of the Dungeon.
             The game lasted 00:00:39 (233 turns).

SkeletonJelly the Chopper (Hill Orc Monk)            Turns: 233, Time: 00:00:39

Health: 0/27       AC:  2    Str: 13    XL:     2   Next: 45%
Magic:  2/2        EV: 12    Int: 10    God:    Gozag
Gold:   7          SH:  0    Dex: 13    Spells: 1/1 levels left

rFire   . . .      SeeInvis .   a - +0 hand axe
rCold   . . .      Faith    .   (no shield)
rNeg    . . .      Spirit   .   b - +0 robe
rPois   .          Reflect  .   (no helmet)
rElec   .          Harm     .   (no cloak)
rCorr   .          Rampage  .   (no gloves)
Will    .....                   (no boots)
Stlth   ++........              (no amulet)
HPRegen 0.09/turn               (no ring)
MPRegen 0.08/turn               (no ring)

@: no status effects
A: no striking features
a: Renounce Religion, Potion Petition, Call Merchant, Bribe Branch


You were on level 1 of the Dungeon.
You worshipped Gozag.
Gozag was noncommittal.
You visited 1 branch of the dungeon, and saw 1 of its levels.

You collected 7 gold pieces.

Inventory:

Hand Weapons
 a - a +0 hand axe (weapon)
Armour
 b - a +0 robe (worn)
Scrolls
 c - a scroll of identify {unknown}


   Skills:
 + Level 3.9 Fighting
 * Level 4.5 Axes
 + Level 1.0 Armour
 - Level 2.4 Dodging
 - Level 1.5 Stealth


You had one spell level left.
You didn't know any spells.
Your spell library was empty.

Dungeon Overview and Level Annotations

Branches:
Dungeon (1/15)

Altars:
Gozag


Message History

A jackal comes into view.
Found a faded altar of an unknown god.
Health restored: 20 A jackal is nearby!
A jackal is nearby!
A jackal is nearby!
A jackal is nearby!
A frilled lizard, a ball python and 2 jackals come into view.
Found 13 gold pieces.
You hit the jackal but do no damage. You barely miss the jackal.
The jackal closely misses you. x2; The jackal bites you.
The jackal closely misses you.
You take 2 damage, and have 18/20 hp.
You hit the jackal.
The jackal is lightly wounded.
You closely miss the jackal.
The jackal barks!
You hear a bark! x2
The jackal closely misses you.
A jackal comes into view.
The jackal bites you but does no damage.
You hit the jackal but do no damage. You hit the jackal. The jackal misses you.
The jackal bites you but does no damage.
A jackal comes into view.
The jackal bites you but does no damage.
The ball python hisses angrily.
The jackal barks!
You hit the jackal.
The jackal is heavily wounded.
You barely miss the jackal.
The frilled lizard hisses angrily.
You hear a shout!
The jackal bites you but does no damage.
The jackal barely misses you.
The jackal bites you but does no damage.
You hit the jackal.
The jackal is almost dead.
You hit the jackal. You closely miss the jackal. The jackal bites you. x2
The jackal closely misses you. The jackal bites you.
The jackal barely misses you.
You hit the jackal.
You kill the jackal!
You hit the jackal. x2; The jackal barely misses you.
The jackal bites you. The ball python barely misses you. x2
You have reached level 2!
MP restored: 2 The jackal barely misses you.
The jackal closely misses you. The jackal bites you.
You take 3 damage, and have 15/27 hp.
You closely miss the jackal. You barely miss the ball python.
You closely miss the jackal. You hit the jackal.
You kill the jackal!
You hit the jackal.
You kill the jackal!
The jackal bites you. x2; The ball python barely misses you. x2
The jackal bites you.
You take 6 damage, and have 9/27 hp.
MASSIVE DAMAGE!!
You hit the jackal.
You kill the jackal!
You hit the ball python. You barely miss the jackal.
You miss the frilled lizard. The jackal bites you.
* * * LOW HITPOINT WARNING * * *
The ball python closely misses you. The ball python grabs you.
The ball python constricts you.
* * * LOW HITPOINT WARNING * * *
The frilled lizard bites you.
* * * LOW HITPOINT WARNING * * *
The jackal bites you but does no damage.
You take 4 damage, and have 5/27 hp.
You escape the ball python's grasp.
You see here a jackal corpse.
You see here a scroll labelled EPNELA WIUGIP.
You hit the jackal.
The jackal is almost dead.
The jackal bites you but does no damage.
The jackal bites you.
* * * LOW HITPOINT WARNING * * *
You take 3 damage, and have 3/27 hp.
You closely miss the jackal.
The jackal is almost dead.
The jackal barely misses you.
You hit the jackal.
You kill the jackal!
You hit the ball python.
You kill the ball python!
You hit the frilled lizard.
You kill the frilled lizard!
Your Armour skill increases to level 1!
You see here a jackal corpse.
There is a faded altar of an unknown god here.
You cannot tell which god this altar belongs to.
Convert to them anyway?
Gozag accepts your prayer! Gozag welcomes you!
Gozag waives the service fee.
A hobgoblin comes into view.
The hobgoblin shouts!
The hobgoblin hits you.
* * * LOW HITPOINT WARNING * * *
You take 1 damage, and have 4/27 hp.
The hobgoblin closely misses you.
You barely miss the hobgoblin. The hobgoblin hits you.
You die...
Your body crumbles into a pile of gold.

#....######...# #
#......##.....# #
#........>....####
#....†.##.#.......
+....####.#.......
#?...# #.#.......
#######†####
######....
........### #####
.#####g@..## #
#..#$.# # #.§...+
# #§§..## # #§§.##
. ##§## . #§. #
###


You could see a hobgoblin.

Vanquished Creatures
  2 ball pythons (D:1)
  An endoplasm (D:1)
  A hobgoblin (D:1)
  5 jackals (D:1)
  2 bats (D:1)
  A frilled lizard (D:1)
12 creatures vanquished.

Notes
Turn   | Place    | Note
-------+----------+-------------------------------------------
     0 | D:1      | SkeletonJelly the Hill Orc Monk began the quest for the
                  | Orb.
     0 | D:1      | Reached XP level 1. HP: 19/19 MP: 1/1
   186 | D:1      | Found a faded altar of an unknown god.
   196 | D:1      | Reached XP level 2. HP: 18/27 MP: 2/2
   206 | D:1      | Reached skill level 1 in Armour
   212 | D:1      | Prayed at the altar of an unknown god.
   212 | D:1      | Became a worshipper of Gozag Ym Sagoz the Greedy
   233 | D:1      | Slain by a hobgoblin

Illustrated notes

Levels and vault maps discovered:
D:1:      dpeg_arrival_brainrot, layout_loops_ring,
          ebering_ecumenical_altar_mist, minivault_25, kennysheep_another_room,
          minmay_tetromino_s4

Skill      XL: |  1  2 |
---------------+-------+-----
Armour         | 1 |  1.0
Fighting       | |  3.9
Axes           | |  4.5
Dodging        | |  2.4
Stealth        | |  1.5

Action                   || total
-------------------------++-------
Melee: Hand axe          ||    24
 Stab: Sleeping          ||     1
Armor: Robe              ||     9
Dodge: Dodged            ||    29

Table legend: (Time is in decaauts)
 A = Elapsed time spent in this place.
 B = Non-inter-level travel time spent in this place.
 C = Inter-level travel time spent in this place.
 D = Time resting spent in this place.
 E = Time spent auto-exploring this place.
 F = Levels seen in this place.
 G = Mean time per level.
                   A        B        C        D        E       F      G
               +--------+--------+--------+--------+--------+-----+--------+
         Total |    234 |    234 |      0 |      0 |    172 |   1 |  234.0 |
       Dungeon |    234 |    234 |      0 |      0 |    172 |   1 |  234.0 |
               +--------+--------+--------+--------+--------+-----+--------+

Top non-repeatable levels by time:
     D:1: 234 daAuts
